 Dungeon Crawl Stone Soup version 0.29-a0-886-gfb1a3fa8b1 (webtiles) character file.

Game seed: 12483889113245195659

43 Ijustatesigmund the Digger (level 3, -5/21 HPs)
             Began as an Octopode Earth Elementalist on July 21, 2022.
             Slain by a gnoll
             ... wielding a +0 club
              (6 damage)
             ... on level 3 of the Dungeon.
             The game lasted 00:04:10 (1805 turns).

Ijustatesigmund the Digger (OpEE)                   Turns: 1805, Time: 00:04:11

Health: -5/21      AC:  1    Str:  4 (7)  XL:     3   Next: 58%
Magic:  4/6        EV: 13    Int: 16 (19) God:
Gold:   93         SH:  0    Dex:  9 (12) Spells: 0/6 levels left

rFire   . . .      SeeInvis .   b - +2 dagger (speed)
rCold   . . .      Faith    .   (no shield)
rNeg    . . .      Spirit   .   (helmet restricted)
rPois   .          Reflect  .   (no amulet)
rElec   .          Harm     .   (no ring)
rCorr   .          Rampage  .   (no ring)
Will    .....                   (no ring)
Stlth   +++.......              (no ring)
HPRegen 0.07/turn               (no ring)
MPRegen 0.10/turn               (no ring)
                                (no ring)
                                (no ring)

@: hasted, very quick
A: almost no armour, amphibious, 8 rings, camouflage 1, gelatinous body 1,
(nimble swimmer 1), tentacles
a: no special abilities


You were on level 3 of the Dungeon.
You visited 1 branch of the dungeon, and saw 3 of its levels.

You collected 93 gold pieces.

Inventory:

Hand Weapons
 b - a +2 dagger of speed (weapon)
 c - a +0 short sword
Scrolls
 f - a scroll of teleportation
 i - a scroll of poison
 k - a scroll of vulnerability {unknown}
Potions
 a - a potion of magic
 e - 3 potions of lignification
 g - a potion of heal wounds {unknown}
 h - a potion of degeneration
 j - a potion of brilliance {unknown}


   Skills:
 - Level 2.0 Dodging
 - Level 2.6 Stealth
 - Level 2.4 Spellcasting
 * Level 0.9 Conjurations
 + Level 2.0 Transmutations
 + Level 3.4 Earth Magic


You couldn't memorise any spells.
You knew the following spells:

 Your Spells              Type           Power      Damage    Failure   Level
a - Sandblast             Erth           26%        2d8       4%          1
b - Stone Arrow           Conj/Erth      18%        3d8       24%         3
c - Passwall              Tmut/Erth      8%         N/A       10%         2

Your spell library contained the following spells:

 Spells                   Type           Power      Damage    Failure   Level
 Petrify                  Tmut/Erth      10%        N/A       54%         4


Dungeon Overview and Level Annotations

Branches:
Dungeon (3/15)

Altars:

Shops:
D:2 [[


Innate Abilities, Weirdness & Mutations

You cannot wear most types of armour.
You are amphibious.
You can wear up to eight rings at the same time.
Your skin changes colour to match your surroundings (Stealth+).
Your rubbery body absorbs attacks. (AC +1, EV +1)
((You are camouflaged when in or above water. (Stealth+)))
You have tentacles for arms and can constrict up to eight enemies at once.


Message History

No target in view! 2 gnolls come into view.
Found 17 gold pieces.
Found an escape hatch in the ceiling.
The gnoll shouts!
You hear a shout!
The gnoll shouts!
There is an escape hatch in the floor here.
You start waiting.
A gnoll is nearby!
Casting: Sandblast (safe; 3% risk of failure)
Confirm with . or Enter, or press ? or * to list all spells.
Aiming: Sandblast (safe; 3% risk of failure)
Press: ? - help, Shift-Dir - straight line, f - gnoll
Aim: a gnoll, wielding a +0 club (82% to hit)
The blast of sand hits the gnoll.
The gnoll is moderately wounded.
Casting: Sandblast (safe; 3% risk of failure)
Confirm with . or Enter, or press ? or * to list all spells.
Aiming: Sandblast (safe; 3% risk of failure)
Press: ? - help, Shift-Dir - straight line, f/p - gnoll
Aim: a gnoll, wielding a +0 club (moderately wounded, 82% to hit)
The blast of sand misses the gnoll.
The gnoll hits you with a +0 club. The gnoll misses you.
Casting: Sandblast (safe; 3% risk of failure)
Confirm with . or Enter, or press ? or * to list all spells.
Aiming: Sandblast (safe; 3% risk of failure)
Press: ? - help, Shift-Dir - straight line, f/p - gnoll
Aim: a gnoll, wielding a +0 club (moderately wounded, 82% to hit)
The blast of sand misses the gnoll.
The gnoll hits you with a +0 flail. The gnoll hits you with a +0 club.
The gnoll misses you. The gnoll barely misses you.
You slide downwards.
The hatch slams shut behind you.
Found a scroll labelled INYANK EDAIDI and a scroll of identify.
It was a potion of degeneration.
There was something very wrong with that liquid.
You feel weakened.
You feel dopey.
You feel clumsy. The gnoll misses you. The gnoll hits you with a +0 club.
* * * LOW HITPOINT WARNING * * *
You feel yourself speed up. The hound bites you.
* * * LOW HITPOINT WARNING * * *
The gnoll barely misses you. The gnoll hits you with a +0 club.
You die...

## h# ..
#########.
?........
..S...hg#
#@# #g#
... ##.##
#.# #.#
#?. #..


You could see a hound, 2 gnolls, an adder and a jackal (asleep).

Vanquished Creatures
  An adder (D:2)
  A dart slug (D:2)
  An endoplasm (D:2)
  4 goblins (D:1)
  6 hobgoblins
  2 jackals (D:1)
  2 kobolds
  3 ball pythons
  4 bats
  2 frilled lizards (D:2)
  5 rats
31 creatures vanquished.

Notes
Turn   | Place    | Note
-------+----------+-------------------------------------------
     0 | D:1      | Ijustatesigmund the Octopode Earth Elementalist began the
                  | quest for the Orb.
     0 | D:1      | Reached XP level 1. HP: 11/11 MP: 3/3
   231 | D:1      | Reached XP level 2. HP: 17/17 MP: 3/5
   771 | D:1      | Found a faded altar of an unknown god.
  1253 | D:2      | Identified the +1 leather armour "Ygeicoc" {rF+}
  1304 | D:2      | Reached XP level 3. HP: 21/21 MP: 2/6
  1309 | D:2      | Learned a level 3 spell: Stone Arrow
  1312 | D:2      | Learned a level 2 spell: Passwall
  1392 | D:2      | Found Azow's Armour Shoppe.
  1426 | D:2      | Found Jyurry's Antique Armour Shoppe.
  1805 | D:3      | HP: 1/21 [hound (4)]
  1805 | D:3      | Slain by a gnoll

Illustrated notes

Levels and vault maps discovered:
D:1:      lemuel_arrival_lava_pool, layout_basic, basic_ecumenical_altar
D:2:      layout_loops_cross, serial_shops, shop, shop, minmay_misc_feat_alley
D:3:      layout_basic, serial_shops, shop_fountains, minmay_checkerbox,
          uniq_natasha

Skill      XL: |  1  2  3 |
---------------+----------+-----
Transmutations | 2 |  2.0
Dodging        | |  2.0
Stealth        | |  2.6
Spellcasting   | |  2.4
Conjurations   | |  0.9
Earth Magic    | |  3.4

Action                   || total
-------------------------++-------
Melee: Short sword       ||     3
       Dagger            ||    11
       Tentacles         ||     4
       Constrict         ||     3
 Cast: Sandblast         ||    36
  Use: Scroll            ||     5
       Potion            ||     2
 Stab: Sleeping          ||     2
Armor: Skin              ||     2
Dodge: Dodged            ||    22

Table legend: (Time is in decaauts)
 A = Elapsed time spent in this place.
 B = Non-inter-level travel time spent in this place.
 C = Inter-level travel time spent in this place.
 D = Time resting spent in this place.
 E = Time spent auto-exploring this place.
 F = Levels seen in this place.
 G = Mean time per level.
                   A        B        C        D        E       F      G
               +--------+--------+--------+--------+--------+-----+--------+
         Total |   1838 |   1715 |    123 |    341 |   1133 |   3 |  612.7 |
       Dungeon |   1838 |   1715 |    123 |    341 |   1133 |   3 |  612.7 |
               +--------+--------+--------+--------+--------+-----+--------+

Top non-repeatable levels by time:
     D:1: 1248 daAuts
     D:2: 588 daAuts
     D:3: 1 daAuts
